 Dungeon Crawl Stone Soup version 0.14-a0-181-gf6fe0c6 (webtiles) character file.

145 Malachi the Charmwright (level 4, -1/36 HPs)
             Began as a Demigod Skald on Oct 6, 2013.
             Slain by an ufetubus (3 damage)
             ... summoned by a neqoxec
             ... on Level 1 of the Abyss.
             The game lasted 00:03:13 (1943 turns).

Malachi the Charmwright (Demigod Skald)             Turns: 1943, Time: 00:03:14

HP  -1/36        AC  3     Str 15      XL: 4   Next:  0%
MP  12/12        EV 10     Int 17      God:
Gold 64          SH  8     Dex 17      Spells:  1 memorised,  6 levels left

Res.Fire  : . . .   See Invis. : .   j - +1,+2 orc dagger (venom)
Res.Cold  : . . .   Warding    : .   b - +0 leather armour
Life Prot.: . . .   Conserve   : .   m - +0 buckler
Res.Poison: .       Res.Corr.  : .   (no helmet)
Res.Elec. : .       Clarity    : .   (no cloak)
Sust.Abil.: . .     Spirit.Shd : .   (no gloves)
Res.Mut.  : .       Stasis     : .   (no boots)
Res.Rott. : .       Flight     : .   (no amulet)
Saprovore : . . .                    (no ring)
                                     (no ring)

@: slightly resistant to hostile enchantments, unstealthy
A: fast metabolism 1
a: no special abilities


You were on level 1 of the Abyss.
You were not hungry.

You visited 1 branch of the dungeon, and saw 2 of its levels.
You visited the Abyss 1 time.

You collected 44 gold pieces.

Inventory:

Hand weapons
 a - a +0,+0 spear
 j - a +1,+2 orcish dagger of venom (weapon)
 k - a +0,+0 dagger of distortion
Armour
 b - a +0 leather armour (worn)
 m - a +0 buckler (worn)
Comestibles
 d - 2 bread rations
 f - a meat ration
 i - a chunk of bat flesh
Scrolls
 e - a scroll of identify {unknown}
 g - a scroll of enchant weapon I {unknown}
 n - a scroll of curse armour {unknown}
Potions
 h - 2 potions of cure mutation {unknown}
 l - 4 potions of curing {unknown}
Books
 c - a book of Battle

   Spells                             Type                      Level
   *Infusion                          Charms                       1
   Shroud of Golubria                 Charms/Translocation         2
   Song of Slaying                    Charms                       2
   Spectral Weapon                    Hexes/Charms                 3
   Regeneration                       Charms/Necromancy            3
   Song of Shielding                  Charms                       4


   Skills:
 + Level 2.1 Fighting
 + Level 0.1 Short Blades
 - Level 1.8 Polearms
 - Level 0.8 Armour
 + Level 1.2 Dodging
 + Level 0.2 Stealth
 * Level 0.6 Shields
 + Level 2.0 Spellcasting
 * Level 3.9 Charms


You had 6 spell levels left.
You knew the following spells:

 Your Spells              Type           Power        Failure   Level  Hunger
a - Infusion              Chrm           ###...       8%          1    #......


Dungeon Overview and Level Annotations

Branches:
Dungeon (2/27)


Innate Abilities, Weirdness & Mutations

You have a fast metabolism.


Message History

The neqoxec closely misses you. The ufetubus hits you.
* * * LOW HITPOINT WARNING * * *
The ufetubus hits you but does no damage.
The neqoxec gestures at you.
Strange energies course through your body.
You feel a little hungry.
The neqoxec gestures.
The ufetubus closely misses you.
The ufetubus hits you but does no damage.
The ufetubus barely misses you. The ufetubus hits you.
* * * LOW HITPOINT WARNING * * *
The neqoxec gestures.
The ufetubus barely misses you. The ufetubus hits you.
* * * LOW HITPOINT WARNING * * *
The ufetubus hits you.
* * * LOW HITPOINT WARNING * * *
The ufetubus hits you but does no damage.
You block the ufetubus' attack. The ufetubus closely misses you.
The ufetubus hits you.
You die...

. .#.#..... .
###..#55.#####.
#....5 ##..#..#
##..#3###.#...
##..#.#..# .###
##.....###...#
#.....#..5#..#.#.#
#....# .##5......#
....##...#.#@####..#
...#...#...#.#
.....##.#. #.# ##.#
#.#. .# ## .#.# # .#
. # ##


You could see a neqoxec, a quasit and an ufetubus.

Vanquished Creatures
  A worker ant (D:1)
  A gnoll (D:1)
  2 adders (D:2)
  A ball python (D:1)
  5 bats
  2 hobgoblins (D:1)
  8 kobolds
  A giant cockroach (D:1)
  A giant newt (D:1)
  7 goblins
  A quokka (D:2)
  4 rats
34 creatures vanquished.

Notes
Turn   | Place    | Note
--------------------------------------------------------------
     0 | D:1      | Malachi, the Demigod Skald, began the quest for the Orb.
     0 | D:1      | Reached XP level 1. HP: 16/16 MP: 5/5
   336 | D:1      | Reached skill level 3 in Charms
   378 | D:1      | Reached XP level 2. HP: 18/23 MP: 3/6
  1145 | D:1      | Reached skill level 1 in Dodging
  1145 | D:1      | Reached XP level 3. HP: 20/28 MP: 9/9
  1862 | D:2      | Reached XP level 4. HP: 36/36 MP: 12/12
  1879 | D:2      | Cast into the Abyss (a distortion unwield)
  1919 | Abyss:1  | Noticed a neqoxec
  1931 | Abyss:1  | Gained mutation: You have a fast metabolism. [a neqoxec]
  1943 | Abyss:1  | Slain by an ufetubus

Action                   |  1- 3 |  4- 6 || total
-------------------------+-------+-------++-------
Melee: Dagger            |    99 |    11 ||   110
       Spear             |     1 |       ||     1
 Cast: Infusion          |     1 |       ||     1
 Stab: Sleeping          |     1 |       ||     1
